Description

Simple diamond build if Terran going fast expand, economy. Work with toss as well too.

1. Build 2nd hidden nearest to enemy expand

2. Build Gateway and robo in the same place.

3. Chrono cyber, + warprism

Replay - NATURAL DT DROP PROXY ROBO

Build Order

Get SALT Encoding   

  12  0:01  Probe  
  13  0:14  Probe  
  14  0:24  Pylon  
  15  0:28  Probe  
  15  0:39  Probe  
  16  0:45  Assimilator  
  16  0:47  Probe  
  16  0:50  Gateway  
  16  0:56  Probe  
  18  1:04  Assimilator  
  18  1:05  Probe  
  19  1:13  Probe  
  20  1:23  Probe  
  21  1:28  Pylon  
  21  1:39  Cybernetics Core  
  21  1:43  Probe  
  23  2:04  Warp Gate  
  24  2:17  Twilight Council  
  24  2:19  Gateway  
  24  2:27  Pylon  
  25  2:48  Pylon  
  25  2:53  Gateway  
  25  2:57  Dark Shrine  
  25  3:00  Robotics Facility  
  25  3:22  Forge  
  25  3:35  Gateway  
  25  3:42  Warp Prism  
  27  3:57  Photon Cannon  
  27  4:12  Dark Templar x3  
  33  4:47  Stalker x3  
Spawning Tool Build Advisor. Get it on Overwolf

Go to:

Details

  • Created by: Softbzero 
  • Published on: Jan 01, 2019
  • Modified on: Jan 01, 2019
  • Patch: 4.7.1
Show
View Real Time Build Order
Export as new Build Order

Comments (0)

There are no comments. Be the first!

Create an account to comment!